 Dungeon Crawl Stone Soup version 0.29-a0-872-g797fff5ad1 (webtiles) character file.

Game seed: 7622648983306921565

126 jimonade the Shooter (level 4, 0/26 HPs)
             Began as a Deep Elf Hunter on July 18, 2022.
             Killed from afar by an orc wizard (6 damage)
             ... with a puff of flame
             ... on level 4 of the Dungeon.
             The game lasted 00:03:51 (3057 turns).

jimonade the Shooter (Deep Elf Hunter)              Turns: 3057, Time: 00:03:51

Health: 0/26       AC:  5    Str:  8    XL:     4   Next: 84%
Magic:  9/9        EV: 13    Int: 17    God:
Gold:   87         SH:  0    Dex: 20    Spells: 7/7 levels left

rFire   . . .      SeeInvis .   a - +0 shortbow
rCold   . . .      Faith    .   (shield currently unavailable)
rNeg    + . .      Spirit   .   l - +2 robe "Patuiv" {-Tele rN+ Will+++ Int+3}
rPois   .          Reflect  .   (no helmet)
rElec   .          Harm     .   y - +0 cloak
rCorr   .          Rampage  .   (no gloves)
Will    +++..      NoTele   +   (no boots)
Stlth   ++........              (no amulet)
HPRegen 0.08/turn               (no ring)
MPRegen 0.11/turn               (no ring)

@: no status effects
A: no striking features
a: no special abilities


You were on level 4 of the Dungeon.
You visited 1 branch of the dungeon, and saw 4 of its levels.

You collected 87 gold pieces.

Inventory:

Hand Weapons
 a - a +0 shortbow (weapon)
 b - a +1 short sword of draining
 v - a +0 long sword
 w - a +0 short sword
Missiles
 u - 6 poisoned darts
 x - 5 stones
Armour
 c - a +0 leather armour
 f - a +0 chain mail
 j - a +0 scale mail
 l - the +2 robe "Patuiv" (worn) {-Tele rN+ Will+++ Int+3}
   (You found it on level 2 of the Dungeon)

   Int:       It affects your intelligence (+3).
   rN:        It protects you from negative energy.
   -Tele:     It prevents most forms of teleportation.
   Will:      It greatly increases your willpower.
 y - a +0 cloak (worn)
Scrolls
 d - 9 scrolls of identify {unknown}
 g - a scroll of fog {unknown}
 h - a scroll of immolation
 k - 2 scrolls of amnesia {unknown}
 n - a scroll of torment {unknown}
 o - a scroll of summoning {unknown}
 r - a scroll of silence {unknown}
 s - a scroll of blinking {unknown}
 t - a scroll of enchant weapon {unknown}
Potions
 e - 2 potions of flight {unknown}
 i - 2 potions of brilliance {unknown}
 m - 2 potions of invisibility {unknown}
 p - 2 potions of curing {unknown}
 q - a potion of degeneration {unknown}


   Skills:
 + Level 2.1 Fighting
 + Level 7.2 Ranged Weapons
 + Level 0.3 Armour
 + Level 2.7 Dodging
 - Level 1.2 Stealth
 * Level 2.3 Spellcasting


You had 7 spell levels left.
You didn't know any spells.
Your spell library was empty.

Dungeon Overview and Level Annotations

Branches:
Dungeon (4/15)
 Temple: D:4-7

Altars:


Message History

You now have 87 gold pieces (gained 15).
An adder comes into view.
You shoot an arrow. The arrow hits the adder!
The adder hisses angrily.
The adder is severely wounded.
The adder bites you.
You shoot an arrow. The arrow hits the adder!
You kill the adder!
No target in view!
No target in view!
You see here a +0 cloak.
y - a +0 cloak You start putting on your armour.
You continue putting on your +0 cloak. x4
You finish putting on your +0 cloak.
HP restored.
An orc priest comes into view. It is wielding a +0 hand axe.
You shoot an arrow.
The arrow hits the orc priest but does no damage.
The orc priest shouts!
You hear a shout!
An orc wizard comes into view. It is wielding a +0 dagger.
You shoot an arrow.
The arrow closely misses the orc priest.
The orc wizard shouts!
The orc priest calls down the wrath of Beogh upon you.
Beogh smites you!
An orc comes into view. It is wielding a +0 dagger.
You shoot an arrow.
The arrow completely misses the orc wizard.
The orc shouts!
An orc comes into view. It is wielding a +0 club.
You shoot an arrow. The arrow hits the orc wizard!
The orc wizard is moderately wounded.
You shoot an arrow. The arrow barely misses the orc wizard.
A necrophage comes into view.
The orc wizard casts a spell at you. The puff of flame hits you!
* * * LOW HITPOINT WARNING * * *
The orc wizard gestures at you while chanting.
The puff of flame hits you.
You die...

..... ##.........#
......####...........
.....................
...........#.†......
#.......##..##...# .
##................#..
........#............
n...oo...##.#.....#.
.....oo..@..#....##
..###.####........# #
#.........# ..##
#.#......... ....#
####.#....#....
.....###.............#
.....#............#..#
.......#...##..### .#
.##....##.........


You could see an orc priest, an orc wizard and 2 orcs.

Vanquished Creatures
  3 adders
  4 worms
  4 dart slugs
  6 endoplasms
  5 giant cockroaches
  5 goblins
  5 hobgoblins
  8 jackals
  2 quokkas (D:3)
  7 ball pythons
  7 bats
  2 frilled lizards
  10 kobolds
  8 rats
76 creatures vanquished.

Notes
Turn   | Place    | Note
-------+----------+-------------------------------------------
     0 | D:1      | jimonade the Deep Elf Hunter began the quest for the Orb.
     0 | D:1      | Reached XP level 1. HP: 12/12 MP: 3/3
   333 | D:1      | Reached XP level 2. HP: 17/17 MP: 4/4
   418 | D:1      | Reached skill level 1 in Spellcasting
   432 | D:1      | Reached skill level 6 in Ranged Weapons
   833 | D:1      | Reached XP level 3. HP: 21/21 MP: 6/6
  1156 | D:2      | Identified the +2 robe "Patuiv" {-Tele rN+ Will+++ Int+3}
  1458 | D:2      | Reached XP level 4. HP: 14/26 MP: 8/8
  2074 | D:2      | Found a faded altar of an unknown god.
  2629 | D:3      | Reached skill level 7 in Ranged Weapons
  3055 | D:4      | Noticed a necrophage
  3057 | D:4      | Killed from afar by an orc wizard

Illustrated notes

Levels and vault maps discovered:
D:1:      dpeg_arrival_stone_temple_mockup, layout_rooms
D:2:      layout_loops_ring, dilly_ecumenical_altar_fadedgnrine
D:3:      layout_loops_corners
D:4:      layout_cave_pools, grunt_temple_overflow_open, gammafunk_ghost_split,
          serial_shops, kennysheep_mini

Skill      XL: |  1  2  3  4 |
---------------+-------------+-----
Spellcasting   | 1 2 |  2.3
Ranged Weapons | 6 7 |  7.2
Fighting       | 2 |  2.1
Armour         | |  0.3
Dodging        | |  2.7
Stealth        | |  1.2

Action                   |  1- 3 |  4- 6 || total
-------------------------+-------+-------++-------
Melee: Short sword       |     5 |       ||     5
 Fire: Shortbow          |   120 |    85 ||   205
Armor: Leather armour    |    19 |       ||    19
       Robe              |     1 |     4 ||     5
Dodge: Dodged            |    31 |    14 ||    45

Table legend: (Time is in decaauts)
 A = Elapsed time spent in this place.
 B = Non-inter-level travel time spent in this place.
 C = Inter-level travel time spent in this place.
 D = Time resting spent in this place.
 E = Time spent auto-exploring this place.
 F = Levels seen in this place.
 G = Mean time per level.
                   A        B        C        D        E       F      G
               +--------+--------+--------+--------+--------+-----+--------+
         Total |   3099 |   2802 |    297 |      0 |   2372 |   4 |  774.8 |
       Dungeon |   3099 |   2802 |    297 |      0 |   2372 |   4 |  774.8 |
               +--------+--------+--------+--------+--------+-----+--------+

Top non-repeatable levels by time:
     D:2: 1161 daAuts
     D:1: 978 daAuts
     D:3: 871 daAuts
     D:4: 87 daAuts
